 Dungeon Crawl Stone Soup version 0.29.1-15-g9cfb28693d (webtiles) character file.

Game seed: 14760601033476676513

133 RatsInWalls the Ruffian (level 4, -2/45 HPs)
             Began as a Troll Monk on Mar 7, 2023.
             Killed from afar by Ijyb (16 damage)
             ... with a bolt of light
             ... on level 3 of the Dungeon.
             The game lasted 00:02:45 (1770 turns).

RatsInWalls the Ruffian (Troll Monk)                Turns: 1770, Time: 00:02:46

Health: -2/45      AC:  7    Str: 21    XL:     4   Next: 93%
Magic:  3/3        EV: 10    Int:  6    God:
Gold:   130        SH:  0    Dex: 12    Spells: 3/3 levels left

rFire   . . .      SeeInvis .     - Unarmed
rCold   . . .      Faith    .   (no shield)
rNeg    . . .      Spirit   .   a - +0 robe
rPois   .          Reflect  .   (helmet restricted)
rElec   .          Harm     .   o - +2 cloak
rCorr   .          Rampage  .   (gloves unavailable)
Will    .....                   (boots unavailable)
Stlth   +.........              (no amulet)
HPRegen 0.95/turn               (no ring)
MPRegen 0.08/turn               (no ring)

@: confused, ambrosia-drunk
A: large, unfitting armour, claws 3, regeneration 1, shaggy fur 1, tough skin 1
a: no special abilities


You were on level 3 of the Dungeon.
You visited 1 branch of the dungeon, and saw 3 of its levels.

You collected 130 gold pieces.

Inventory:

Armour
 a - a +0 robe (worn)
 o - a +2 cloak (worn)
Jewellery
 i - a +4 ring of evasion
Scrolls
 c - 2 scrolls of noise {unknown}
 d - a scroll of magic mapping {unknown}
 f - 3 scrolls of identify {unknown}
 h - 3 scrolls of butterflies {unknown}
 j - a scroll of teleportation {unknown}
 k - a scroll of blinking {unknown}
 p - a scroll of enchant weapon {unknown}
Potions
 e - a potion of magic
 g - a potion of berserk rage {unknown}
 l - 3 potions of might {unknown}
 m - a potion of brilliance {unknown}
 n - a potion of curing {unknown}


   Skills:
 + Level 3.3 Fighting
 + Level 3.3 Dodging
 - Level 1.0 Stealth
 + Level 4.1 Unarmed Combat


You had 3 spell levels left.
You didn't know any spells.
Your spell library contained the following spells:

 Spells                   Type           Power      Damage    Failure   Level
 Sublimation of Blood     Necr           0%         N/A       58%         2
 Wereblood                Tmut           0%         N/A       58%         2
 Dazzling Flash           Conj/Hex       0%         N/A       83%         3
 Agony                    Necr           0%         N/A       100%        5
 Silence                  Hex/Air        0%         N/A       100%        5
 Summon Hydra             Summ           0%         N/A       100%        7


Dungeon Overview and Level Annotations

Branches:
Dungeon (3/15)

Altars:
Fedhas
Okawaru

Annotations:
D:3 exclusion: ogre, Ijyb


Innate Abilities, Weirdness & Mutations

You are too large for most types of armour.
You have claws for hands.
Your natural rate of healing is unusually fast.
You are covered in fur. (AC +1)
You have tough skin. (AC +1)


Message History

Natasha is severely wounded.
Natasha casts a spell at you. The magic dart hits you!
You claw Natasha!
You kill Natasha!
You feel Natasha's spirit has finally been put to rest.
The white imp disappears in a puff of smoke!
No target in view!
No target in view!
Found a stone staircase leading up.
Ijyb the Twisted Goblin comes into view.
She is wielding a +0 club and carrying a wand of light (6).
Ijyb is nearby!
Ijyb zaps a wand.
The bolt of light hits you!
You claw Ijyb!
Ijyb is heavily wounded.
Ijyb zaps a wand.
The bolt of light hits you!!
You are confused.
Ouch! That really hurt!
* * * LOW HITPOINT WARNING * * *
You are too injured to fight recklessly!
You are too injured to fight recklessly!
You barely miss Ijyb.
Ijyb is heavily wounded.
Ijyb hits you with a +0 club.
* * * LOW HITPOINT WARNING * * *
Ijyb zaps a wand.
The bolt of light hits you!
You are more confused.
* * * LOW HITPOINT WARNING * * *
You are too injured to fight recklessly!
You are more confused.
You feel invigorated.
You're too confused to move!
Ijyb zaps a wand.
The bolt of light hits you!
You are more confused.
* * * LOW HITPOINT WARNING * * *
You bump into the rock wall.
Ijyb zaps a wand.
The bolt of light hits you!
* * * LOW HITPOINT WARNING * * *
You bump into the rock wall.
It was a potion of magic.
Magic courses through your body.
Ijyb zaps a wand.
The bolt of light hits you!
You die...

. ......... #.. ..#####......#
#.. ............# #..
.....<....# #.. #..# ###
#........# #.. #..#
.....##.......# #.. #..#
......g.......# ##.. #..#
###########......# #... #..#
.......@.g...##.#####... #..#
#...##.#####.##......... #..#
# ##.########.........
#..###### #.........##........
###.....###.#.#.....########..
#.............................
#.#.....##.#†.......########..
#.#.....##...#........ ...(..
#.#.....####........########..


You could see Ijyb.

Vanquished Creatures
  Natasha (thrice) (D:3)
  2 worms (D:2)
  2 dart slugs
  3 ball pythons
  5 endoplasms
  3 giant cockroaches
  5 goblins
  6 hobgoblins
  2 jackals (D:2)
  3 kobolds
  A quokka (D:2)
  4 bats
  7 frilled lizards
  6 rats
52 creatures vanquished.

Notes
Turn   | Place    | Note
-------+----------+-------------------------------------------
     0 | D:1      | RatsInWalls the Troll Monk began the quest for the Orb.
     0 | D:1      | Reached XP level 1. HP: 22/22 MP: 0/0
    67 | D:1      | Reached XP level 2. HP: 29/29 MP: 1/1
   504 | D:1      | Found a faded altar of an unknown god.
   734 | D:2      | Reached XP level 3. HP: 33/36 MP: 2/2
  1176 | D:3      | Noticed Natasha
  1179 | D:3      | Killed Natasha
  1180 | D:3      | Reached XP level 4. HP: 45/45 MP: 3/3
  1190 | D:3      | Found a blossoming altar of Fedhas.
  1221 | D:3      | Found an iron altar of Okawaru.
  1452 | D:3      | Identified the +10 spear of the Maze {vorpal, rElec rF+
                  | Int+4 Stlth+}
  1556 | D:3      | Noticed Natasha
  1561 | D:3      | Killed Natasha
  1562 | D:3      | Reached skill level 4 in Unarmed Combat
  1668 | D:3      | Noticed an ogre
  1717 | D:3      | Noticed Natasha
  1725 | D:3      | Killed Natasha
  1755 | D:3      | Noticed Ijyb
  1770 | D:3      | Killed from afar by Ijyb

Illustrated notes

Levels and vault maps discovered:
D:1:      onia_arrival_pentagram, layout_basic,
          shapermc_ecumenical_altar_totnotflames
D:2:      layout_rooms, glass_columns_b
D:3:      layout_basic, mainiacjoe_overflow_cross_hatched,
          mainiacjoe_overflow_concentric_impassable, lemuel_round_altar,
          minmay_misc_feat_five, mrwooster_statue_mirror, uniq_ijyb,
          uniq_natasha

Skill      XL: |  1  2  3  4 |
---------------+-------------+-----
Fighting       | 3 |  3.3
Dodging        | 3 |  3.3
Unarmed Combat | 4 |  4.1
Stealth        | |  1.0

Action                   |  1- 3 |  4- 6 || total
-------------------------+-------+-------++-------
Melee: Unarmed           |    86 |    30 ||   116
       Punch             |       |     1 ||     1
  Use: Potion            |       |     2 ||     2
 Stab: Sleeping          |     7 |       ||     7
Armor: Robe              |    30 |     7 ||    37
Dodge: Dodged            |    30 |    10 ||    40
